 Dungeon Crawl Stone Soup version 0.27.0-1-g7a089689b8 (webtiles) character file.

Game seed: 3205525208918326251

56 SnakkuSnakku7 the Slasher (level 3, 0/26 HPs)
             Began as a Barachi Chaos Knight on Aug 2, 2021.
             Was a Plaything of Xom.
             Slain by an adder (1 damage)
             ... on level 2 of the Dungeon.
             The game lasted 00:01:58 (1185 turns).

SnakkuSnakku7 the Slasher (Barachi Chaos Knight)    Turns: 1185, Time: 00:01:59

Health: 0/26       AC:  6    Str: 14    XL:     3   Next: 95%
Magic:  3/3        EV: 11    Int: 12    God:    Xom [..*...]
Gold:   52         SH:  0    Dex: 11    Spells: 2/2 levels left

rFire    . . .     SeeInvis .   a - +1 mace (protect)
rCold    . . .     Faith    .   (no shield)
rNeg     . . .     Spirit   .   b - +2 leather armour
rPois    .         Reflect  .   (no helmet)
rElec    .         Harm     .   (no cloak)
rCorr    .         Rampage  .   (no gloves)
Will     .....                  f - +0 pair of boots
Stlth    +.........             (no amulet)
HPRegen  0.08/turn              e - ring of wizardry
MPRegen  0.08/turn              (no ring)

@: unable to hop, flying, slow
A: amphibious, slowness 1, strong legs 1, +LOS, frail 1
a: Hop, Renounce Religion


You were on level 2 of the Dungeon.
You worshipped Xom.
You were a toy of Xom.
You visited 1 branch of the dungeon, and saw 2 of its levels.

You collected 52 gold pieces.

Inventory:

Hand Weapons
 a - a +1 mace of protection (weapon)
 h - a +0 falchion of chaos
Armour
 b - a +2 leather armour (worn)
 f - a +0 pair of boots (worn)
Jewellery
 e - a ring of wizardry (left hand)
Scrolls
 c - 2 scrolls of vulnerability {unknown}
 d - 3 scrolls of teleportation {unknown}


   Skills:
 - Level 3.6 Fighting
 - Level 5.7 Long Blades
 + Level 0.1 Maces & Flails
 - Level 2.4 Armour
 - Level 1.1 Dodging


You had 2 spell levels left.
You didn't know any spells.
Your spell library was empty.

Dungeon Overview and Level Annotations

Branches:
Dungeon (2/15)

Altars:


Innate Abilities, Weirdness & Mutations

You are amphibious.
You cover ground slowly.
You can hop short distances.
You have an extended range of vision and can be seen from far away.
You are frail. (-10% HP)


Message History

The adder is severely wounded.
You feel sick. The adder misses you. The adder bites you.
* * * LOW HITPOINT WARNING * * *
You hit the adder.
The adder is almost dead.
You feel sick.
You are no longer poisoned.
The adder closely misses you. The adder barely misses you.
You closely miss the adder.
The adder is almost dead.
The adder bites you but does no damage. The adder closely misses you.
You miss the adder.
The adder is almost dead.
The adder barely misses you.
You closely miss the adder.
The adder is almost dead.
The adder barely misses you. The adder closely misses you.
You closely miss the adder.
The adder is almost dead.
The adder bites you.
* * * LOW HITPOINT WARNING * * *
The adder closely misses you.
Unknown command.
You aren't carrying any items that you can evoke.
Unknown command.
Hop to where?
Press: ? - help, Dir - move target Boing!
You aren't carrying any items that you can evoke.
Unknown command.
It was a potion of flight.
You feel very buoyant.
You fly up into the air.
Xom thinks this is hilarious!
The adder closely misses you.
You barely miss the adder.
The adder is almost dead.
The adder bites you.
You die... "What!?
That's it?"

.........####.....####
#...>...........######..
#.........#..##.......).###
#...............#####.....
#........#####..### ###.#
####.....# ##...###...#
##..##.### #.#.....#
##....#...#####...○.###
#####.........).@S..### #
######.###..#.#...## #
#.####........# #
#..###.#.####..... #
##.##..#..# ####. #
#)...###.#### # ####.#
#<...######. #
##.####.......... #
#..##...###..####


You could see an adder.

Vanquished Creatures
  3 dart slugs (D:1)
  3 ball pythons (D:1)
  2 bats (D:1)
  5 endoplasms
  2 giant cockroaches
  3 hobgoblins
  8 jackals (D:1)
  A frilled lizard (D:1)
  2 goblins
  5 kobolds
  2 rats (D:1)
36 creatures vanquished.

Notes
Turn   | Place    | Note
-------+----------+-------------------------------------------
     0 | D:1      | SnakkuSnakku7 the Barachi Chaos Knight began the quest for
                  | the Orb.
     0 | D:1      | Reached XP level 1. HP: 18/18 MP: 1/1
     4 | D:1      | XOM: silly message
     7 | D:1      | XOM: potion effect (berserk rage)
     9 | D:1      | XOM: potion effect (brilliance)
    10 | D:1      | Reached skill level 4 in Long Blades
    52 | D:1      | Reached XP level 2. HP: 14/24 MP: 2/2
   196 | D:1      | XOM: silly message
   329 | D:1      | XOM: give mutations
   329 | D:1      | Gained mutation: You are frail. (-10% HP) [Xom's mischief]
   329 | D:1      | Gained mutation: You are clumsy. (Dex -2) [Xom's mischief]
   329 | D:1      | Lost mutation: You are clumsy. (Dex -2) [Xom's mischief]
   407 | D:1      | Reached skill level 5 in Long Blades
   407 | D:1      | Reached XP level 3. HP: 21/26 MP: 3/3
   604 | D:1      | XOM: smoke on damage
   811 | D:1      | XOM: noise
  1123 | D:2      | XOM: cast spell 'Cause Fear'
  1182 | D:2      | HP: 1/26 [adder (4)]
  1185 | D:2      | Slain by an adder

Illustrated notes

Levels and vault maps discovered:
D:1:      arrival_zaba_pyramid, layout_rooms
D:2:      layout_rooms, hellmonk_ecumenical_altar_arch_garden

Skill      XL: |  1  2 |
---------------+-------+-----
Long Blades    | 4 5 |  5.7
Fighting       | |  3.6
Maces & Flails | |  0.1
Armour         | |  2.4
Dodging        | |  1.1

Action                   || total
-------------------------++-------
Melee: Falchion          ||    89
       Mace              ||    10
 Abil: Hop               ||     1
  Use: Potion            ||     1
 Stab: Confused          ||     1
Armor: Leather armour    ||    40
Dodge: Dodged            ||    76
       Rpst.: Falchion   ||    19
